 Dungeon Crawl Stone Soup version 0.28.0-49-g6dfe1f597d (webtiles) character file.

Game seed: 12442590902588646895

2422 Zeld the Frost Mage (level 9, -2/73 HPs)
             Began as a Ghoul Ice Elementalist on May 12, 2022.
             Was an Initiate of Vehumet.
             Slain by a howler monkey skeleton (3 damage)
             ... on level 7 of the Dungeon.
             The game lasted 00:12:08 (10741 turns).

Zeld the Frost Mage (Ghoul Ice Elementalist)       Turns: 10741, Time: 00:12:08

Health: -2/73      AC:  5    Str: 19    XL:     9   Next: 48%
Magic:  16/16      EV:  7    Int: 14    God:    Vehumet [......]
Gold:   226        SH:  0    Dex: 12    Spells: 8/19 levels left

rFire   + . .      SeeInvis .   a - +10 rapier of Armageddon {elec, Contam rF+ Str+7 Dex+3}
rCold   + . .      Faith    .   (no shield)
rNeg    + + +      Spirit   .   n - +0 robe
rPois   ∞          Reflect  .   k - +1 helmet
rElec   .          Harm     .   u - +0 cloak
rCorr   .          Rampage  .   (no gloves)
Will    .....                   (no boots)
Stlth   +++.......              (no amulet)
HPRegen 0.00/turn               (no ring)
MPRegen 0.15/turn               (no ring)

@: held, inhibited regen
A: claws 1, cold resistance 1, negative energy resistance 3, inhibited
regeneration, torment resistance 2
a: Renounce Religion


You were on level 7 of the Dungeon.
You worshipped Vehumet.
Vehumet was noncommittal.
You visited 2 branches of the dungeon, and saw 8 of its levels.

You collected 226 gold pieces.

Inventory:

Hand Weapons
 a - the +10 rapier of Armageddon (weapon) {elec, Contam rF+ Str+7 Dex+3}
   (You found it on level 5 of the Dungeon)

   It occasionally discharges a powerful burst of electricity upon striking a
   foe.
   Str:       It affects your strength (+7).
   Dex:       It affects your dexterity (+3).
   rF:        It protects you from fire.
   Contam:    It causes magical contamination when unequipped.
Armour
 k - a +1 helmet (worn)
 n - a +0 robe (worn)
 u - a +0 cloak (worn)
Jewellery
 v - a ring of ice
Wands
 l - a wand of charming (8)
 o - a wand of flame (15)
Scrolls
 c - a scroll of acquirement {unknown}
 d - a scroll of brand weapon {unknown}
 f - 2 scrolls of noise {unknown}
 g - 4 scrolls of teleportation {unknown}
 h - a scroll of enchant armour {unknown}
 i - a scroll of amnesia {unknown}
 j - a scroll of vulnerability {unknown}
 q - a scroll of magic mapping {unknown}
 r - 2 scrolls of identify {unknown}
 t - a scroll of fear {unknown}
Potions
 b - 2 potions of degeneration {unknown}
 e - 3 potions of heal wounds {unknown}
 m - 2 potions of curing {unknown}
 p - 4 potions of attraction {unknown}
 s - a potion of magic {unknown}
 w - a potion of lignification {unknown}


   Skills:
 + Level 4.8 Fighting
 * Level 0.4 Short Blades
 + Level 4.6 Dodging
 + Level 5.9 Stealth
 * Level 5.8 Spellcasting
 * Level 8.5 Ice Magic


You had 8 spell levels left.
You knew the following spells:

 Your Spells              Type           Power      Damage    Failure   Level
a - Freeze                Ice            100%       1d11      1%          1
b - Frozen Ramparts       Ice            56%        1d7       1%          3
c - Ozocubu's Armour      Ice            28%        N/A       1%          3
d - Hailstorm             Conj/Ice       16%        3d6       28%         4

Your spell library contained the following spells:

 Spells                   Type           Power      Damage    Failure   Level
 Apportation              Tloc           8%         N/A       16%         1
 Sting                    Tmut/Pois      16%        1d3       16%         1
 Corpse Rot               Necr/Air       8%         N/A       24%         2
 Poisonous Vapours        Pois/Air       8%         N/A       24%         2
 Dazzling Flash           Conj/Hex       8%         N/A       43%         3
 Dispel Undead            Necr           4%         3d7       85%         4
 Olgreb's Toxic Radiance  Pois           4%         N/A       85%         4
 Agony                    Necr           4%         N/A       99%         5
 Alistair's Intoxication  Tmut/Pois      2%         N/A       99%         5
 Silence                  Hex/Air        2%         N/A       99%         5
 Ozocubu's Refrigeration  Ice            14%        4d7       99%         7
 Death Channel            Necr           2%         N/A       100%        6


Dungeon Overview and Level Annotations

Branches:
Dungeon (7/15)             Temple (1/1) D:5

Altars:
Ashenzari
Cheibriados
Dithmenos
Elyvilon
Fedhas
Gozag
Hepliaklqana
Kikubaaqudgha
Makhleb
Nemelex Xobeh
Okawaru
Qazlal
Ru
Sif Muna
Trog
Uskayaw
Vehumet
Wu Jian
Xom
Yredelemnul
Zin
The Shining One

Annotations:
D:5 2 transporters, pkoi's ghost, novice DgGl


Innate Abilities, Weirdness & Mutations

You thrive by killing the living.
You are immune to poison.
You have sharp fingernails.
Your flesh is cold resistant. (rC+)
You are immune to negative energy. (rN+++)
You do not regenerate when monsters are visible.
You are immune to unholy pain and torment.


Message History

You kill the white imp!
Vehumet accepts your kill.
You feel your power returning.
No target in view!
You start resting.
HP restored.
You start waiting.
Done waiting.
There is a stone staircase leading down here.
You climb downwards.
The gnoll misses you.
The gnoll hits you from afar with a +0 halberd!
The howler monkey skeleton hits you. The gnoll sergeant misses you.
There is a stone staircase leading up here.
Unknown command.
The gnoll throws a throwing net.
The throwing net hits you.
You become entangled in the net!
You stop ascending the stairs.
The gnoll hits you from afar with a +0 halberd!
The howler monkey skeleton hits you but does no damage.
The gnoll sergeant closely misses you.
You struggle against the net.
The gnoll hits you from afar with a +0 halberd.
The gnoll hits you with a +0 club.
The gnoll hits you from afar with a +0 halberd!
The howler monkey skeleton hits you. The gnoll sergeant barely misses you.
The gnoll hits you from afar with a +1 halberd of freezing.
You struggle against the net.
The gnoll hits you from afar with a +0 halberd.
The gnoll barely misses you. The gnoll hits you but does no damage.
The howler monkey skeleton hits you but does no damage.
The gnoll hits you from afar with a +1 halberd of freezing!
* * * LOW HITPOINT WARNING * * *
The gnoll freezes you.
* * * LOW HITPOINT WARNING * * *
The gnoll sergeant hits you from afar with a +0 spear.
* * * LOW HITPOINT WARNING * * *
You struggle against the net.
The gnoll hits you but does no damage. The gnoll barely misses you.
The gnoll hits you with a +0 club.
* * * LOW HITPOINT WARNING * * *
The howler monkey skeleton hits you.
You die...

#######
#.....#####
#..........
###+#g.........
#.....Z........
#....gg@#
..........+
.....gg...#
.##+#.....#
#.....# #......
........
..........


You could see a gnoll sergeant, 4 gnolls and a howler monkey skeleton.

Vanquished Creatures
  Grinder (D:5)
  Sigmund (D:6)
  Menkaure (D:6)
  Edmund (D:6)
  A water moccasin (D:6)
  A sky beast (D:5)
  2 ogres (D:4)
  A centaur (D:4)
  A gnoll sergeant (D:5)
  3 scorpions (D:5)
  A wyvern skeleton (D:6)
  A water moccasin skeleton (D:5)
  2 wights (D:6)
  2 howler monkeys
  An orc priest (D:3)
  6 hounds
  Crazy Yiuf (D:3)
  A bullfrog skeleton (D:6)
  A jelly (D:6)
  A gnoll shaman (D:5)
  2 iguanas
  5 orc wizards
  Terence (D:2)
  A hound skeleton (D:4)
  Robin (D:2)
  15 gnolls
  5 adders
  2 shadow imps
  2 white imps
  An adder zombie (D:4)
  2 worms
  2 dart slugs
  26 orcs
  8 ball pythons
  3 bats
  4 endoplasms
  8 giant cockroaches
  19 goblins
  12 hobgoblins
  4 jackals (D:4)
  4 kobolds
  5 quokkas
  4 frilled lizards (D:2)
  3 rats
  A spectral orc (D:6)
170 creatures vanquished.

Notes
Turn   | Place    | Note
-------+----------+-------------------------------------------
     0 | D:1      | Zeld the Ghoul Ice Elementalist began the quest for the
                  | Orb.
     0 | D:1      | Reached XP level 1. HP: 14/14 MP: 2/2
   192 | D:1      | Found a faded altar of an unknown god.
   291 | D:1      | Reached XP level 2. HP: 22/22 MP: 2/4
   736 | D:1      | Reached XP level 3. HP: 27/27 MP: 3/5
   741 | D:1      | Learned a level 3 spell: Frozen Ramparts
  1408 | D:2      | Reached skill level 1 in Fighting
  1665 | D:2      | Reached XP level 4. HP: 32/35 MP: 1/6
  1720 | D:2      | Learned a level 3 spell: Ozocubu's Armour
  1748 | D:2      | Reached skill level 5 in Ice Magic
  2341 | D:2      | Noticed Terence
  2350 | D:2      | Killed Terence
  2351 | D:2      | Reached XP level 5. HP: 20/40 MP: 0/8
  2506 | D:2      | Noticed Robin
  2520 | D:2      | Killed Robin
  2988 | D:3      | Found a runed translucent door.
  2989 | D:3      | Noticed Crazy Yiuf
  3341 | D:3      | Reached XP level 6. HP: 44/48 MP: 4/9
  4583 | D:4      | Reached XP level 7. HP: 50/56 MP: 11/11
  4593 | D:4      | Reached skill level 6 in Ice Magic
  4600 | D:4      | Learned a level 4 spell: Hailstorm
  6056 | D:5      | Entered Level 5 of the Dungeon
  6067 | D:5      | Found a transporter.
  6067 | D:5      | Noticed pkoi's ghost (novice DgGl)
  6083 | D:5      | Noticed Grinder
  6095 | D:5      | Paralysed by Grinder for 4 turns
  6379 | D:5      | Killed Grinder
  6380 | D:5      | Reached XP level 8. HP: 47/63 MP: 13/13
  6427 | D:5      | Found a transporter.
  6431 | D:5      | Reached skill level 7 in Ice Magic
  7158 | D:5      | Reached skill level 5 in Stealth
  7158 | D:5      | Reached skill level 5 in Spellcasting
  7607 | D:5      | Found a staircase to the Ecumenical Temple.
  7746 | D:5      | Identified the +10 rapier of Armageddon {elec, Contam rF+
                  | Str+7 Dex+3}
  7811 | Temple   | Entered the Ecumenical Temple
  7914 | Temple   | Became a worshipper of Vehumet
  8232 | D:3      | Killed Crazy Yiuf
  8887 | D:6      | Reached XP level 9. HP: 67/72 MP: 15/15
  9605 | D:6      | Noticed Menkaure
  9614 | D:6      | Killed Menkaure
  9615 | D:6      | Reached skill level 8 in Ice Magic
  9918 | D:6      | Noticed Sigmund
  9928 | D:6      | Killed Sigmund
 10312 | D:6      | Found a hazy altar of Hepliaklqana.
 10408 | D:6      | Noticed Edmund
 10413 | D:6      | Killed Edmund
 10740 | D:7      | HP: 3/73 [gnoll sergeant/+0 spear (6)]
 10741 | D:7      | HP: 1/73 [gnoll/+0 club (2)]
 10741 | D:7      | Slain by a howler monkey skeleton

Illustrated notes

Levels and vault maps discovered:
D:1:      saegor_arrival_simple_e, layout_loops_ring,
          chequers_ecumenical_altar_twisty, grunt_decor_junction
D:2:      kb_forest_paths, layout_rooms, uniq_robin, uniq_terence
D:3:      layout_basic, minmay_misc_feat_nine_boxes, minmay_misc_feat_ornament,
          mrwooster_statue_mirror, uniq_crazy_yiuf_cottage
D:4:      cheibrodos_barr_body, layout_basic
D:5:      layout_basic, minmay_temple_entry_enclosed_plants,
          gammafunk_ghost_mausoleum, kennysheep_big_empty_room, uniq_grinder
D:6:      layout_cave_pools, nicolae_hepliaklqana_monster_ancestors,
          uniq_edmund, uniq_menkaure, uniq_sigmund
D:7:      layout_basic, gammafunk_ghost_stat_death, nicolae_wooded_promenade,
          grunt_ogre_cave
Temple:   roderic_octagonal_lattice_temple

Skill      XL: |  1  2  3  4  5  6  7  8  9 |
---------------+----------------------------+-----
Spellcasting   | 2 3 4 5 |  5.8
Dodging        | 2 3 4 |  4.6
Fighting       | 1 2 3 4 |  4.8
Ice Magic      | 5 6 7 8 |  8.5
Stealth        | 3 4 5 |  5.9
Short Blades   | |  0.4

Action                   |  1- 3 |  4- 6 |  7- 9 || total
-------------------------+-------+-------+-------++-------
Melee: Unarmed           |    26 |    21 |       ||    47
       Hand axe          |       |    19 |    90 ||   109
       Punch             |       |       |     3 ||     3
       Rapier            |       |       |    41 ||    41
 Cast: Freeze            |    51 |    45 |    37 ||   133
       Frozen Ramparts   |       |     7 |    19 ||    26
Evoke: Wand              |       |       |     4 ||     4
 Stab: Sleeping          |       |     1 |     4 ||     5
       Distracted        |       |       |     1 ||     1
Armor: Robe              |     8 |    20 |    49 ||    77
Dodge: Dodged            |    42 |    63 |   157 ||   262
